 Dungeon Crawl Stone Soup version 0.31.0-32-g396128a36d (webtiles) character file.

Game seed: 604623100161256319

32092 Doomgape the Grappler (level 13, -5/127 HPs)
             Began as a Troll Fighter on Mar 8, 2024.
             Was the Champion of Okawaru.
             Slain by Snorg (14 damage)
             ... on level 4 of the Lair of Beasts.
             The game lasted 00:42:25 (12045 turns).

Doomgape the Grappler (Troll Fighter)              Turns: 12045, Time: 00:42:25

Health: -5/127     AC: 11    Str: 31    XL:     13   Next: 29%
Magic:  0/18       EV: 15    Int: 11    God:    Okawaru [******]
Gold:   1439       SH: 14    Dex:  9    Spells: 12/12 levels left

rFire   . .          .
                       - Unarmed
rCold   + + +        e - +1 tower shield
rNeg    . . .        I - quicksilver dragon scales of Midsummer {Will+ Int+7}
rPois   .            (helmet restricted)
rElec   .            r - scarf of Coem Doe {shadows, rC+++ Will- Regen+ rCorr}
rCorr   +            (gloves unavailable)
SInv    +            (boots unavailable)
Will    .....        y - amulet of guardian spirit Stlth
                     F - ring of see invisible
HPRegen 2.01/turn    H - +5 ring of evasion
MPRegen 0.16/turn

%: guardian spirit
@: no status effects
A: large, unfitting armour, claws 3, regeneration 1, shaggy fur 1, tough skin 1
a: Renounce Religion, Heroism, Finesse, Duel


You were on level 4 of the Lair of Beasts.
You worshipped Okawaru.
Okawaru was exalted by your worship.
You visited 3 branches of the dungeon, and saw 15 of its levels.
You also visited: Ossuary and Bailey.

You collected 1439 gold pieces.

Inventory:

Hand Weapons
 L - the +11 triple sword "Uziecuw" {elec, rF+++ rC- Str-2 Dex+4}
   (Okawaru gifted it to you on level 2 of the Lair of Beasts)

   Str-2:     It affects your strength (-2).
   Dex+4:     It affects your dexterity (+4).
   rF+++:     It renders you almost immune to fire.
   rC-:       It makes you vulnerable to cold.
Missiles
 h - 4 javelins (quivered)
 E - 11 large rocks
 O - a throwing net
Armour
 e - a +1 tower shield (worn)
 r - the scarf of Coem Doe (worn) {shadows, rC+++ Will- Regen+ rCorr}
   (You found it on level 4 of the Dungeon)

   rC+++:     It renders you almost immune to cold.
   Will-:     It decreases your willpower.
   Regen+:    It increases your rate of health regeneration.
   rCorr:     It protects you from acid and corrosion.
 t - a scarf of resistance
 I - the quicksilver dragon scales of Midsummer (worn) {Will+ Int+7}
   (Okawaru gifted it to you on level 1 of the Lair of Beasts)

   Int+7:     It affects your intelligence (+7).
   Will+:     It increases your willpower.
Jewellery
 a - a ring of poison resistance
 p - a ring of flight
 y - an amulet of guardian spirit (around neck)
 z - a ring of magical power
 F - a ring of see invisible (left claw)
 H - a +5 ring of evasion (right claw)
Wands
 u - a wand of flame (38)
 v - a wand of polymorph (29)
 x - a wand of iceblast (7)
 G - a wand of light (12)
 J - a wand of digging (6)
 K - a wand of mindburst (10)
Scrolls
 b - 3 scrolls of fear
 i - 8 scrolls of identify
 k - 2 scrolls of immolation
 l - 3 scrolls of enchant weapon
 m - 2 scrolls of enchant armour
 D - 3 scrolls of teleportation
 M - a scroll of fog {unknown}
 N - a scroll of vulnerability {unknown}
 P - a scroll of blinking
Potions
 c - a potion of might
 d - 7 potions of enlightenment
 f - 2 potions of curing
 g - 2 potions of mutation
 j - a potion of berserk rage {unknown}
 n - 2 potions of resistance {unknown}
 o - 2 potions of lignification
 q - a potion of degeneration {unknown}
 s - 2 potions of brilliance {unknown}
 w - 2 potions of attraction
 A - 2 potions of haste {unknown}
 B - a potion of magic {unknown}
 C - a potion of cancellation {unknown}


   Skills:
 - Level 8.1 Fighting
 + Level 3.9 Long Blades
 - Level 10.4 Dodging
 + Level 6.3 Shields
 - Level 12.5 Unarmed Combat
 + Level 9.1 Invocations


You had 12 spell levels left.
You didn't know any spells.
Your spell library contained the following spells:

 Spells                   Type           Power      Damage    Failure   Level
 Kiss of Death            Conj/Necr      0%         2d5       87%         1
 Shock                    Conj/Air       0%         1d3       87%         1
 Searing Ray              Conj           0%         2d4       95%         2
 Confusing Touch          Hex            0%         N/A       99%         3
 Dazzling Flash           Conj/Hex       0%         N/A       99%         3
 Gell's Gravitas          Tloc           0%         N/A       99%         3
 Inner Flame              Hex/Fire       0%         N/A       99%         3
 Mephitic Cloud           Conj/Alch/Air  0%         N/A       99%         3
 Swiftness                Air            0%         N/A       99%         3
 Teleport Other           Tloc           0%         N/A       99%         3
 Volatile Blastmotes      Fire/Tloc      0%         2d10      99%         3
 Airstrike                Air            0%         2d(0-16)  100%        4
 Dispel Undead            Necr           0%         3d6       100%        4
 Flame Wave               Conj/Fire      0%         2d4       100%        4
 Sticky Flame             Fire/Alch      0%         2d4       100%        4
 Vhi's Electric Charge    Tloc/Air       0%         N/A       100%        4
 Arcjolt                  Conj/Air       0%         1d10      100%        5
 Curse of Agony           Necr           0%         N/A       100%        5
 Silence                  Hex/Air        0%         N/A       100%        5
 Dispersal                Tloc           0%         N/A       100%        6
 Plasma Beam              Fire/Air       0%         2x1d10    100%        6
 Starburst                Conj/Fire      0%         6d3       100%        6
 Maxwell's Capacitive Co  Air            0%         ∞         100%        8
 Animate Armour           Summ/Erth      Unusable   N/A       N/A         4

Dungeon Overview and Level Annotations

Branches:
Dungeon (10/15)            Temple (1/1) D:7            Lair (4/5) D:10
 Shoals (0/4) Lair:2        Snake (0/4) Lair:3          Orc (0/2) D:9
Ossuary (visited)          Bailey (visited)
  Slime: Lair:4-5

Altars:
Ashenzari
Cheibriados
Dithmenos
Elyvilon
Fedhas
Gozag
Hepliaklqana
Kikubaaqudgha
Makhleb
Nemelex Xobeh
Okawaru
Qazlal
Ru
Sif Muna
Trog
Uskayaw
Vehumet
Wu Jian
Xom
Yredelemnul
Zin
The Shining One

Shops:
D:5 [

Annotations:
Lair:4 3 runed translucent doors, Beaer's ghost, journeyman TrFi; Snorg


Innate Abilities, Weirdness & Mutations

You are too large for most types of armour.
You have claws for hands.
Your natural rate of healing is unusually fast.
You are covered in fur. (AC +1)
You have tough skin. (AC +1)


Message History

Snorg bites you but does no damage. Snorg claws you! x2
Snorg bites you but does no damage. Snorg claws you but does no damage.
Snorg misses you.
You barely miss Snorg.
Snorg is lightly wounded.
Snorg bites you. Snorg claws you. Snorg completely misses you.
You scratch Snorg.
Snorg is moderately wounded.
Snorg bites you! You block Snorg's attack. Snorg closely misses you.
Snorg barely misses you. You block Snorg's attack. Snorg misses you.
You scratch Snorg.
Snorg is lightly wounded.
You block Snorg's attack. x2; Snorg closely misses you.
You eviscerate Snorg!!!
Snorg is heavily wounded.
Snorg bites you!! You block Snorg's attack. Snorg claws you.
Snorg bites you but does no damage. You block Snorg's attack. Snorg claws you.
You eviscerate Snorg!!!
Snorg is severely wounded.
Snorg bites you!!
* * * LOW HITPOINT WARNING * * *
Snorg claws you!
* * * LOW HITPOINT WARNING * * *
Snorg claws you.
* * * LOW HITPOINT WARNING * * *
You feel much better. Snorg bites you!!
* * * LOW HITPOINT WARNING * * *
You block Snorg's attack. x2; Snorg bites you!!
* * * LOW HITPOINT WARNING * * *
Snorg closely misses you. x2
Unknown command.
You feel better. Snorg completely misses you. You block Snorg's attack.
Snorg claws you but does no damage.
Unknown command.
You feel better. Snorg misses you. Snorg claws you!
* * * LOW HITPOINT WARNING * * *
Snorg claws you.
* * * LOW HITPOINT WARNING * * *
Snorg barely misses you. Snorg claws you but does no damage. Snorg claws you!
You die...

.........#
#........#
#........#
#........##
#.....†...#
#.....<..P###.#
##.............(
#P........#.###
#.....T@.P.#Y.#
##..........#Y##
#...........+HF.
##..........+W..
#...........+S#.
#...........#.#
##..........#..
#...........##
##...........


You could see Snorg (berserk), a minotaur, a death yak, a catoblepas, a blink
frog, a water moccasin and Beaer's ghost.

Vanquished Creatures
  Erolcha (D:9)
  A rakshasa (D:10)
  A hydra (Lair:1)
  Erica (D:9)
  4 two-headed ogres
  A lindwurm (Lair:2)
  An orc knight (D:10)
  Maurice (D:8)
  4 black mambas
  6 cane toads
  Maggie (Lair:2)
  A rime drake (Lair:3)
  A torpor snail (Lair:1)
  A yaktaur (D:10)
  4 komodo dragons
  2 trolls (D:10)
  A hornet (D:8)
  5 blink frogs (Lair:2)
  Grinder (D:5)
  3 wraiths (D:10)
  7 wyverns
  2 basilisks
  65 yaks
  2 steam dragons
  5 humans (D:7)
  A vampire mosquito (D:10)
  7 nagas (Lair:3)
  2 acid dragons
  9 water moccasins
  Duvessa (D:5)
  12 orc warriors
  A sky beast (D:5)
  3 black bears
  An ogre (D:8)
  6 centaurs
  3 wolves (Lair:4)
  2 phantoms
  A kobold brigand (D:7)
  12 bullfrogs
  2 gnoll sergeants
  4 scorpions
  Dowan (D:5)
  5 killer bees (D:8)
  An electric eel (Lair:1)
  7 orc priests
  2 jellies
  2 hounds
  8 iguanas
  Ijyb (D:5)
  12 orc wizards
  8 mummies (Ossuary)
  13 gnolls
  5 adders
  A shadow imp (D:8)
  A white imp (D:8)
  4 dart slugs
  57 orcs
  7 ball pythons
  5 endoplasms
  2 giant cockroaches
  15 goblins
  11 hobgoblins
  9 jackals
  20 kobolds
  6 quokkas
  5 bats
  A frilled lizard (D:2)
  4 hobgoblin zombies (Ossuary)
  3 kobold zombies (Ossuary)
  An orc zombie (Ossuary)
  A quokka zombie (D:6)
  6 rats
413 creatures vanquished.

Vanquished Creatures (others)
  An orc wizard (D:3)
1 creature vanquished.

Grand Total: 414 creatures vanquished

Notes
Turn   | Place    | Note
-------+----------+-------------------------------------------
     0 | D:1      | Doomgape the Troll Fighter began the quest for the Orb.
     0 | D:1      | Reached XP level 1. HP: 22/22 MP: 0/0
   116 | D:1      | Reached XP level 2. HP: 29/29 MP: 1/1
   447 | D:1      | Reached XP level 3. HP: 36/36 MP: 2/2
   961 | D:2      | Got Pynar's Compilation of Mighty Topography
  1088 | D:2      | Found an ancient bone altar of Kikubaaqudgha.
  1434 | D:2      | Reached XP level 4. HP: 42/45 MP: 3/3
  1607 | D:3      | Found a basalt altar of Yredelemnul.
  1627 | D:3      | Found an iron altar of Okawaru.
  1710 | D:3      | Reached skill level 3 in Unarmed Combat
  1850 | D:3      | Reached XP level 5. HP: 43/53 MP: 4/4
  2012 | D:3      | Found a snail-covered altar of Cheibriados.
  2133 | D:3      | Found a hide-covered altar of Uskayaw.
  2194 | D:3      | Became a worshipper of Warmaster Okawaru
  2434 | D:4      | Reached * piety under Okawaru
  2435 | D:4      | Reached skill level 4 in Unarmed Combat
  2435 | D:4      | Reached XP level 6. HP: 62/62 MP: 5/5
  2580 | D:4      | Identified the scarf of Coem Doe {shadows, rC+++ Will-
                  | Regen+ rCorr}
  3056 | D:4      | Reached XP level 7. HP: 61/71 MP: 6/6
  3143 | D:4      | Found a glowing silver altar of Zin.
  3292 | D:5      | Entered Level 5 of the Dungeon
  3292 | D:5      | Found Magham's Armour Shoppe.
  3317 | D:5      | Found a broken altar of Ashenzari.
  3374 | D:5      | Found a stormy altar of Qazlal.
  3393 | D:5      | Reached skill level 5 in Unarmed Combat
  3409 | D:5      | Found a blossoming altar of Fedhas.
  3428 | D:5      | Noticed Grinder
  3447 | D:5      | Paralysed by Grinder for 3 turns
  3452 | D:5      | Killed Grinder
  3452 | D:5      | Reached ** piety under Okawaru
  3453 | D:5      | Reached skill level 5 in Fighting
  3453 | D:5      | Reached skill level 5 in Dodging
  3629 | D:5      | Noticed Ijyb
  3637 | D:5      | Killed Ijyb
  3747 | D:5      | Found a sacrificial altar of Ru.
  3787 | D:5      | Reached XP level 8. HP: 58/80 MP: 7/7
  3820 | D:5      | Noticed Dowan
  3824 | D:5      | Noticed Duvessa
  4042 | D:5      | Killed Duvessa
  4058 | D:5      | Killed Dowan
  4059 | D:5      | Reached skill level 6 in Unarmed Combat
  4193 | D:5      | Found a shadowy altar of Dithmenos.
  4442 | D:6      | Reached *** piety under Okawaru
  4450 | D:6      | Reached skill level 7 in Unarmed Combat
  4477 | D:6      | Reached XP level 9. HP: 86/89 MP: 8/8
  4509 | D:6      | Found a glowing golden altar of the Shining One.
  4824 | D:6      | Found a sand-covered staircase.
  4832 | Ossuary  | Entered an ossuary
  5218 | D:7      | Reached **** piety under Okawaru
  5241 | D:7      | Reached skill level 8 in Unarmed Combat
  5395 | D:7      | Found a staircase to the Ecumenical Temple.
  5476 | Temple   | Entered the Ecumenical Temple
  5728 | D:7      | Noticed a two-headed ogre
  5737 | D:7      | Killed a two-headed ogre
  5737 | D:7      | Reached ***** piety under Okawaru
  5738 | D:7      | Reached XP level 10. HP: 60/104 MP: 9/9
  5902 | D:8      | Reached skill level 9 in Unarmed Combat
  5940 | D:8      | Received a gift from Okawaru
  6103 | D:8      | Paralysed by a hornet for 2 turns
  6111 | D:8      | Reached skill level 1 in Invocations
  6131 | D:8      | Noticed Maurice
  6147 | D:8      | Killed Maurice
  6316 | D:8      | Reached skill level 10 in Unarmed Combat
  6318 | D:8      | Reached XP level 11. HP: 109/111 MP: 12/12
  6404 | D:8      | Found a shimmering blue altar of Sif Muna.
  6544 | D:9      | Received a gift from Okawaru
  6605 | D:9      | Noticed a two-headed ogre
  6611 | D:9      | Killed a two-headed ogre
  6723 | D:9      | Found a staircase to the Orcish Mines.
  6827 | D:9      | Found a radiant altar of Vehumet.
  6894 | D:9      | Noticed Erolcha
  6913 | D:9      | Killed Erolcha
  7074 | D:9      | Noticed Erica
  7085 | D:9      | Killed Erica
  7158 | D:9      | Reached skill level 5 in Invocations
  7256 | D:10     | Entered Level 10 of the Dungeon
  7413 | D:10     | Noticed an orc knight
  7419 | D:10     | Noticed a two-headed ogre
  7436 | D:10     | Reached skill level 11 in Unarmed Combat
  7442 | D:10     | Killed an orc knight
  7448 | D:10     | Killed a two-headed ogre
  7448 | D:10     | Reached ****** piety under Okawaru
  7448 | D:10     | Received a gift from Okawaru
  7669 | D:10     | Noticed a rakshasa
  7688 | D:10     | Killed a rakshasa
  7757 | D:10     | Reached skill level 10 in Dodging
  7803 | D:10     | Identified the +1 chain mail of Mirth {^Drain Int+6}
  7872 | D:10     | Reached XP level 12. HP: 119/119 MP: 15/15
  7923 | D:10     | Noticed a two-headed ogre
  7928 | D:10     | Killed a two-headed ogre
  7934 | D:10     | Found a sparkling altar of Nemelex Xobeh.
  7968 | D:10     | Found a flagged portal.
  7984 | Bailey   | Entered a bailey
  8383 | D:10     | Found a staircase to the Lair.
  8508 | Lair:1   | Entered Level 1 of the Lair of Beasts
  8616 | Lair:1   | Noticed a six-headed hydra
  8630 | Lair:1   | Killed a six-headed hydra
  8630 | Lair:1   | Received a gift from Okawaru
  8803 | Lair:1   | Reached skill level 12 in Unarmed Combat
  8814 | Lair:1   | Acquired the quicksilver dragon scales of Midsummer {Will+
                  | Int+7}
  8814 | Lair:1   | Received a gift from Okawaru
  9675 | Lair:2   | Noticed Maggie
  9679 | Lair:2   | Killed Maggie
  9679 | Lair:2   | Received a gift from Okawaru
  9711 | Lair:2   | Acquired the +11 triple sword "Uziecuw" {elec, rF+++ rC-
                  | Str-2 Dex+4}
  9711 | Lair:2   | Received a gift from Okawaru
  9841 | Lair:2   | Found a staircase to the Shoals.
 10069 | Lair:2   | Reached skill level 1 in Long Blades
 10258 | Lair:2   | Reached skill level 5 in Shields
 10848 | Lair:2   | Received a gift from Okawaru
 10849 | Lair:2   | Reached XP level 13. HP: 120/127 MP: 16/18
 11557 | Lair:3   | Found a staircase to the Snake Pit.
 11749 | Lair:3   | Received a gift from Okawaru
 12003 | Lair:4   | Found a runed translucent gate.
 12003 | Lair:4   | Found a runed translucent gate.
 12017 | Lair:4   | Noticed a minotaur
 12021 | Lair:4   | Found a runed translucent gate.
 12021 | Lair:4   | Noticed Beaer's ghost (journeyman TrFi)
 12024 | Lair:4   | Noticed Snorg
 12043 | Lair:4   | HP: 2/127 [Snorg (19)]
 12045 | Lair:4   | Slain by Snorg

Illustrated notes

Levels and vault maps discovered:
D:1:      lightli_arrival_quake, layout_basic, dreamdust_mushroom_princess,
          minmay_split_cup_large
D:2:      layout_basic, basic_altar
D:3:      layout_basic, lemuel_crystal_altar, okawaru_metal_pillars_3,
          marbit_many_paths, nicolae_overflow_crystal_walls, serial_glass,
          glass_columns_a, glass_columns_a
D:4:      layout_basic, mainiacjoe_overflow_chevrons, grunt_ministairs_9
D:5:      layout_loops_cross, grunt_temple_overflow_forces_of_nature,
          mainiacjoe_overflow_tiny_flanked, nicolae_ru_the_path_less_chosen,
          nicolae_dithmenos_the_darkroom, nicolae_stop_n_shop_2, hex_large,
          uniq_grinder, uniq_duvessa, uniq_ijyb
D:6:      layout_rooms, amcnicky_altar_gilded, enter_ossuary_4
D:7:      layout_basic, minmay_temple_entry_statues_pillars, minivault_25,
          minmay_ruffians
D:8:      layout_rooms, nicolae_sif_muna_little_library, special_room
          [special_room_orc], uniq_maurice
D:9:      layout_loops_cross, mainiacjoe_overflow_24_doors, orc_0_dummy,
          uniq_erolcha, uniq_erica
D:10:     cheibrodos_fzero, layout_long_grid, nemelex_diamond_rough_becter,
          david_lair_shrubbed, enter_bailey_5
Temple:   nicolae_temple_colour_theory
Lair:1:   layout_long_grid, serial_bayou_shore_a, lemuel_fruit_tree,
          grunt_megastairs_1
Lair:2:   layout_cave_pods, shoals_dummy_entry, beast_lair_carwin_1, uniq_maggie
Lair:3:   layout_cave_pods, minmay_snake_entry_guardpost_large,
          grunt_megastairs_2
Lair:4:   layout_big_grid, maelrawn_ghost_gauntlet_escape, beast_lair_carwin_10,
          uniq_josephine, uniq_snorg

Skill      XL: |  1  2  3  4  5  6  7  8  9 10 11 12 13 |
---------------+----------------------------------------+-----
Fighting       | 3 4 5 6 7 8 |  8.1
Dodging        | 3 4 5 6 7 8 10 | 10.4
Unarmed Combat | 3 4 5 7 8 10 11 12 | 12.5
Invocations    | 3 6 8 9 |  9.1
Shields        | 5 6 |  6.3
Long Blades    | 2 3 |  3.9

Action                     |  1- 3 |  4- 6 |  7- 9 | 10-12 | 13-15 || total
---------------------------+-------+-------+-------+-------+-------++-------
  Melee: Unarmed           |   118 |   146 |   337 |   697 |   150 ||  1448
 Invoke: Heroism           |       |       |       |     4 |       ||     4
         Receive Weapon    |       |       |       |     1 |       ||     1
         Receive Armour    |       |       |       |     1 |       ||     1
  Evoke: Wand              |       |       |     1 |     6 |     6 ||    13
    Use: Scroll            |       |    11 |     3 |     7 |       ||    21
         Potion            |       |       |     1 |     7 |     3 ||    11
   Stab: Sleeping          |     1 |       |       |       |       ||     1
 Armour: Robe              |    78 |   105 |   203 |    87 |       ||   473
         Skin              |       |       |     9 |       |       ||     9
         Steam dragon scal |       |       |       |   186 |       ||   186
         Quicksilver drago |       |       |       |    85 |   116 ||   201
  Dodge: Dodged            |    45 |    47 |   128 |   237 |   103 ||   560
  Block: Kite shield       |    37 |    30 |       |       |       ||    67
         Tower shield      |       |    72 |   200 |   396 |   162 ||   830
